 Dungeon Crawl Stone Soup version 0.29.1-15-g9cfb28693d (webtiles) character file.

Game seed: 12567812634790817248

2998 pokedragonboy the Thaumaturge (level 9, -8/45 HPs)
             Began as a Deep Elf Conjurer on Mar 13, 2023.
             Was an Initiate of Sif Muna.
             Mangled by Pikel
             ... wielding a +2 whip of electrocution
              (18 damage)
             ... on level 7 of the Dungeon.
             The game lasted 00:22:07 (9266 turns).

pokedragonboy the Thaumaturge (Deep Elf Conjurer)   Turns: 9266, Time: 00:22:08

Health: -8/45      AC:  8    Str:  4    XL:     9   Next: 54%
Magic:  11/25      EV: 12    Int: 29    God:    Sif Muna [......]
Gold:   353        SH:  0    Dex: 16    Spells: 16/29 levels left

rFire   . . .      SeeInvis .   e - +0 dagger
rCold   . . .      Faith    .   (no shield)
rNeg    . . .      Spirit   .   a - +0 robe
rPois   +          Reflect  .   (no helmet)
rElec   .          Harm     .   (no cloak)
rCorr   .          Rampage  .   c - +0 pair of gloves
Will    .....                   n - +0 pair of boots
Stlth   ++........              w - amulet of the acrobat
HPRegen 0.15/turn               G - +4 ring of protection
MPRegen 0.19/turn               D - ring of poison resistance

@: unable to read
A: agile 1, clever 1, wild magic 1, inability to read after injury 1
a: Renounce Religion


You were on level 7 of the Dungeon.
You worshipped Sif Muna.
Sif Muna was noncommittal.
You visited 2 branches of the dungeon, and saw 10 of its levels.
You also visited: Sewer and Ossuary.

You collected 353 gold pieces.

Inventory:

Hand Weapons
 e - a +0 dagger (weapon)
Armour
 a - a +0 robe (worn)
 c - a +0 pair of gloves (worn)
 n - a +0 pair of boots (worn)
Jewellery
 t - a ring of resist corrosion
 w - an amulet of the acrobat (around neck)
 D - a ring of poison resistance (right hand)
 F - a +6 ring of dexterity
 G - a +4 ring of protection (left hand)
Wands
 s - a wand of roots (12)
 B - a wand of polymorph (11)
Scrolls
 b - 3 scrolls of amnesia {unknown}
 k - 6 scrolls of teleportation
 q - 2 scrolls of magic mapping
 r - a scroll of poison {unknown}
 u - a scroll of vulnerability {unknown}
 v - 4 scrolls of identify
 x - a scroll of blinking {unknown}
 y - a scroll of enchant armour {unknown}
 C - a scroll of immolation
Potions
 d - 4 potions of curing {unknown}
 f - a potion of heal wounds {unknown}
 g - a potion of haste {unknown}
 h - 3 potions of brilliance {unknown}
 i - 3 potions of attraction
 j - 3 potions of invisibility
 l - 2 potions of flight
 m - 5 potions of mutation
 o - a potion of might {unknown}
 p - 2 potions of cancellation {unknown}
 z - a potion of magic
 A - a potion of ambrosia {unknown}
 E - 3 potions of degeneration {unknown}


   Skills:
 - Level 2.4 Dodging
 - Level 2.4 Stealth
 + Level 10.7 Spellcasting
 + Level 9.8 Conjurations
 - Level 9.0 Hexes
 + Level 2.0 Invocations


You had 16 spell levels left.
You knew the following spells:

 Your Spells              Type           Power      Damage    Failure   Level
a - Magic Dart            Conj           100%       1d8       1%          1
b - Searing Ray           Conj           100%       2d8       1%          2
c - Fulminant Prism       Conj/Hex       37%        3d18      1%          4
d - Iskenderun's Mystic   Conj/Tloc      55%        2d12      8%          4
m - Blink                 Tloc           40%        N/A       9%          2

Your spell library contained the following spells:

 Spells                   Type           Power      Damage    Failure   Level
 Dazzling Flash           Conj/Hex       100%       N/A       1%          3
 Mephitic Cloud           Conj/Pois/Air  44%        N/A       4%          3
 Call Imp                 Summ           20%        N/A       9%          2
 Gell's Gravitas          Tloc           20%        N/A       16%         3
 Lesser Beckoning         Tloc           20%        N/A       16%         3
 Teleport Other           Tloc           20%        N/A       16%         3
 Silence                  Hex/Air        26%        N/A       22%         5
 Starburst                Conj/Fire      27%        6d9       65%         6
 Agony                    Necr           20%        N/A       75%         5
 Manifold Assault         Tloc           20%        N/A       75%         5
 Dispersal                Tloc           10%        N/A       99%         6


Dungeon Overview and Level Annotations

Branches:
Dungeon (9/15)             Temple (1/1) D:7           Sewer (visited)
Ossuary (visited)
   Lair: D:8-11         Orc: D:9-12

Altars:
Ashenzari
Cheibriados
Dithmenos
Elyvilon
Fedhas
Gozag
Kikubaaqudgha
Makhleb
Nemelex Xobeh
Okawaru
Qazlal
Ru
Sif Muna
Trog
Uskayaw
Vehumet
Xom
Yredelemnul
Zin
The Shining One

Shops:
D:2 =   D:7 :

Annotations:
D:7 Pikel


Innate Abilities, Weirdness & Mutations

You are agile. (Dex +4, Str/Int -1)
Your mind is acute. (Int +4, Str/Dex -1)
Your spells are a little harder to cast, but a little more powerful.
You occasionally lose the ability to read scrolls when taking damage.


Message History

Pikel is lightly wounded.
Pikel barely misses you.
Your fulminant prism crackles loudly.
The lemure hits your fulminant prism.
Unknown command.
You barely miss Pikel.
Pikel is lightly wounded.
Pikel hits you with a +2 whip of electrocution!
Your fulminant prism explodes!
The blast of energy engulfs the lemure!!
You kill the lemure!
That felt strangely unrewarding.
The blast of energy engulfs the lemure!!!
You kill the lemure!
That felt strangely unrewarding.
The blast of energy engulfs Pikel!!
Pikel is heavily wounded.
You hear a shout! x3
Unknown command.
Casting: Fulminant Prism (dangerous; 1% risk of failure)
Confirm with . or Enter, or press ? or * to list all spells.
Aiming: Fulminant Prism (dangerous; 1% risk of failure)
Press: ? - help, Dir - move target You conjure a prism of explosive energy!
A fulminant prism comes into view.
Pikel barely misses you.
You hit Pikel but do no damage.
Pikel is heavily wounded.
Pikel hits you with a +2 whip of electrocution.
You are electrocuted!
You feel threatened and lose the ability to read scrolls!
* * * LOW HITPOINT WARNING * * *
A lemure comes into view.
Your fulminant prism crackles loudly.
Okay, then.
You hit Pikel but do no damage.
Pikel is heavily wounded.
Pikel hits you with a +2 whip of electrocution.
* * * LOW HITPOINT WARNING * * *
You are electrocuted!!
You die...

#..#### #....[#
#.###># #.###.#
#.....## ####...#
# ##...#..#
#5######.#........
#..*.K@...........
##########....####
#.....# ##....#
#.#.# .#.# . # . .
#


You could see Pikel (ally target), a lemure and a friendly fulminant prism.

Vanquished Creatures
  Grinder (D:6)
  A sky beast (D:7)
  3 ice beasts
  A black bear (D:4)
  2 ogres
  3 lemures (D:7)
  A phantom (D:5)
  A centaur (D:6)
  3 elf zombies (Ossuary)
  4 kobold brigands (Sewer)
  Blork the orc (D:4)
  A bullfrog (D:7)
  A necrophage (D:5)
  4 scorpions
  4 killer bees (D:7)
  3 howler monkeys
  3 centaur zombies (Ossuary)
  A gnoll bouda (D:5)
  2 jellies
  An orc priest (D:5)
  3 hounds
  Terence (D:2)
  An iguana (D:6)
  An orc wizard (D:5)
  2 mummies (Ossuary)
  15 gnolls
  12 adders
  3 river rats
  A shadow imp (D:6)
  2 white imps
  3 ufetubi
  An adder zombie (Ossuary)
  4 worms
  2 dart slugs (D:1)
  3 orcs
  9 ball pythons
  5 bats
  5 endoplasms
  7 giant cockroaches
  4 goblins
  5 hobgoblins
  2 jackals (D:3)
  10 kobolds
  5 quokkas
  7 frilled lizards
  11 hobgoblin zombies (Ossuary)
  A jackal zombie (Ossuary)
  11 kobold zombies (Ossuary)
  6 orc zombies (Ossuary)
  14 rats
  A rat zombie (Ossuary)
198 creatures vanquished.

Vanquished Creatures (others)
  9 fulminant prisms
9 creatures vanquished.

Grand Total: 207 creatures vanquished

Notes
Turn   | Place    | Note
-------+----------+-------------------------------------------
     0 | D:1      | pokedragonboy the Deep Elf Conjurer began the quest for the
                  | Orb.
     0 | D:1      | Reached XP level 1. HP: 10/10 MP: 6/6
    57 | D:1      | Reached skill level 1 in Hexes
   148 | D:1      | Reached XP level 2. HP: 15/15 MP: 6/8
   151 | D:1      | Learned a level 2 spell: Searing Ray
   744 | D:1      | Reached XP level 3. HP: 19/19 MP: 7/10
   846 | D:1      | Found a faded altar of an unknown god.
  1403 | D:3      | Reached skill level 4 in Spellcasting
  1403 | D:3      | Reached skill level 5 in Conjurations
  1573 | D:3      | Found a stormy altar of Qazlal.
  1699 | D:3      | Reached XP level 4. HP: 24/24 MP: 3/12
  1822 | D:3      | Found a glowing drain.
  1859 | Sewer    | Entered a sewer
  2022 | Sewer    | Learned a level 4 spell: Fulminant Prism
  2027 | Sewer    | Learned a level 4 spell: Iskenderun's Mystic Blast
  2197 | Sewer    | Noticed a kobold brigand
  2211 | Sewer    | Killed a kobold brigand
  2212 | Sewer    | Reached skill level 5 in Spellcasting
  2212 | Sewer    | Reached XP level 5. HP: 19/28 MP: 6/14
  2513 | Sewer    | Reached XP level 6. HP: 8/32 MP: 7/16
  2905 | Sewer    | Reached skill level 6 in Spellcasting
  2905 | Sewer    | Reached skill level 5 in Hexes
  3186 | D:3      | Found a broken altar of Ashenzari.
  3188 | D:3      | Found a glowing golden altar of the Shining One.
  3341 | D:2      | Found Nups's Jewellery Boutique.
  3712 | D:2      | Noticed Terence
  3718 | D:2      | Killed Terence
  4589 | D:4      | Reached XP level 7. HP: 36/36 MP: 15/18
  4717 | D:4      | Found a glowing silver altar of Zin.
  5018 | D:4      | Noticed Blork the orc
  5029 | D:4      | Killed Blork the orc
  5305 | D:4      | Reached skill level 7 in Spellcasting
  5396 | D:5      | Entered Level 5 of the Dungeon
  5624 | D:5      | Learned a level 2 spell: Blink
  5799 | D:5      | Reached XP level 8. HP: 41/41 MP: 16/21
  6151 | D:5      | Reached skill level 8 in Spellcasting
  6586 | D:5      | Gained mutation: Your spells are a little harder to cast,
                  | but a little more powerful. [potion of mutation]
  6586 | D:5      | Gained mutation: Your mind is acute. (Int +4, Str/Dex -1)
                  | [potion of mutation]
  6586 | D:5      | Gained mutation: You occasionally lose the ability to read
                  | scrolls when taking damage. [potion of mutation]
  6586 | D:5      | Gained mutation: You are agile. (Dex +4, Str/Int -1)
                  | [potion of mutation]
  7014 | D:6      | Noticed Grinder
  7042 | D:6      | You fall into a shaft and drop 3 floors!
  7202 | D:6      | Reached skill level 9 in Spellcasting
  7210 | D:6      | Found a sand-covered staircase.
  7218 | Ossuary  | Entered an ossuary
  7810 | Ossuary  | Reached XP level 9. HP: 45/45 MP: 16/24
  8471 | D:6      | Killed Grinder
  8472 | D:6      | Reached skill level 10 in Spellcasting
  8843 | D:7      | Found a staircase to the Ecumenical Temple.
  8852 | Temple   | Entered the Ecumenical Temple
  8980 | Temple   | Became a worshipper of Sif Muna the Loreminder
  9011 | D:7      | Found Unwir's Vocational Training.
  9098 | D:7      | Reached skill level 1 in Invocations
  9255 | D:7      | Noticed Pikel
  9266 | D:7      | Mangled by Pikel

Illustrated notes

Levels and vault maps discovered:
D:1:      ebering_trefoil_3fold, layout_rooms,
          shapermc_ecumenical_altar_hornbeckon, hangedman_abyss_or_decor_stabs,
          amcnicky_mini_rare_corridor_liquid, corexii_hall_statues_t,
          minmay_tripent
D:2:      layout_basic, serial_shops, nicolae_shop_window_shopping,
          kennysheep_generic_room_5, uniq_terence
D:3:      layout_loops_ring, mainiacjoe_overflow_tiny_flanked, minitemple,
          portal_sewer_entry_e
D:4:      layout_basic, kennysheep_mini_moat, uniq_blork_the_orc
D:5:      layout_basic
D:6:      layout_loops_ring, nicolae_ossuary_entry_ruins, uniq_grinder
D:7:      layout_loops_ring, temple_statues, nicolae_shop_vocational, uniq_pikel
D:8:      layout_layer_cave, gammafunk_temple_overflow_elements, uniq_grum,
          uniq_psyche
D:9:      layout_loops_ring, orc_0_dummy, roderic_three_in_a_row
Temple:   nicolae_temple_elliptical

Skill      XL: |  1  2  3  4  5  6  7  8  9 |
---------------+----------------------------+-----
Hexes          | 1 2 3 4 5 6 8 9 |  9.0
Spellcasting   | 4 5 6 7 9 10 | 10.7
Conjurations   | 5 6 7 8 9 |  9.8
Invocations    | 2 |  2.0
Dodging        | |  2.4
Stealth        | |  2.4

Action                   |  1- 3 |  4- 6 |  7- 9 || total
-------------------------+-------+-------+-------++-------
Melee: Unarmed           |     4 |       |       ||     4
       Dagger            |     2 |     4 |    13 ||    19
 Cast: Magic Dart        |    47 |    50 |    81 ||   178
       Searing Ray       |    13 |    31 |    59 ||   103
       Fulminant Prism   |       |     1 |     9 ||    10
  Use: Scroll            |     1 |     6 |     3 ||    10
       Potion            |       |     2 |     1 ||     3
 Stab: Sleeping          |       |       |     1 ||     1
Armor: Robe              |     4 |     6 |     8 ||    18
Dodge: Dodged            |     9 |    20 |    54 ||    83
